 Dungeon Crawl Stone Soup version 0.28-a0-1147-gc7b72d3202 (webtiles) character file.

Game seed: 1990696519914866579

94 ChaosChampion the Skirmisher (level 4, -1/36 HPs)
             Began as a Demonspawn Abyssal Knight on Dec 14, 2021.
             Was a Follower of Lugonu.
             Killed from afar by Natasha (4 damage)
             ... with a magic dart
             ... on level 1 of the Dungeon.
             The game lasted 00:02:56 (3312 turns).

ChaosChampion the Skirmisher (DsAK)                 Turns: 3312, Time: 00:02:57

Health: -1/36      AC:  5    Str: 15    XL:     4   Next: 38%
Magic:  6/6        EV: 10    Int: 12    God:    Lugonu [*.....]
Gold:   64         SH:  3    Dex: 13    Spells: 3/3 levels left

rFire   . . .      SeeInvis .   a - +1 hand axe
rCold   . . .      Faith    .   h - +0 buckler
rNeg    . . .      Spirit   .   g - +0 ring mail
rPois   .          Reflect  .   (no helmet)
rElec   .          Harm     .   (no cloak)
rCorr   .          Rampage  .   (no gloves)
Will    .....                   (no boots)
Stlth   +.........              (no amulet)
HPRegen 0.12/turn               (no ring)
MPRegen 0.10/turn               (no ring)

@: no status effects
A: claws 1
a: Renounce Religion, Depart the Abyss


You were on level 1 of the Dungeon.
You worshipped Lugonu.
Lugonu was aware of your devotion.
You visited 1 branch of the dungeon, and saw 2 of its levels.
You visited the Abyss 1 time.

You collected 64 gold pieces.

Inventory:

Hand Weapons
 a - a +1 hand axe (weapon)
Armour
 g - a +0 ring mail (worn)
 h - a +0 buckler (worn)
Scrolls
 b - a scroll of blinking {unknown}
 c - a scroll of immolation {unknown}
 d - a scroll of magic mapping {unknown}
 f - a scroll of fog {unknown}
Potions
 e - 2 potions of might {unknown}


   Skills:
 + Level 3.6 Fighting
 + Level 2.5 Axes
 + Level 2.6 Armour
 - Level 1.1 Dodging
 + Level 3.6 Invocations


You had 3 spell levels left.
You didn't know any spells.
Your spell library was empty.

Dungeon Overview and Level Annotations

Branches:
Dungeon (2/15)

Altars:

Annotations:
D:1 Natasha


Innate Abilities, Weirdness & Mutations

You have sharp fingernails.


Message History

There is a stone staircase leading up here.
You hit the worm.
The worm is moderately wounded.
The worm bites you but does no damage.
You hit the worm.
The worm is moderately wounded.
The worm bites you!
You slash the worm!
The worm is heavily wounded.
You miss Natasha. Natasha claws you.
Natasha stares at you and mumbles some strange words.
The magic dart hits you.
You closely miss Natasha. You hit the worm. You block the worm's attack.
Natasha barely misses you.
You barely miss Natasha. You hit the worm. Natasha closely misses you.
The worm bites you.
You hit Natasha.
Natasha is lightly wounded.
You hit the worm but do no damage. Natasha claws you.
The worm closely misses you. You block Natasha's attack.
You climb upwards.
There is a stone staircase leading down here.
Natasha howls an incantation.
You feel disoriented. Natasha barely misses you.
You are too injured to fight recklessly!
You are too injured to fight recklessly!
You are too injured to fight recklessly!
You closely miss Natasha.
Natasha is lightly wounded.
Natasha claws you!
* * * LOW HITPOINT WARNING * * *
You hit Natasha.
Natasha is heavily wounded.
Natasha claws you.
* * * LOW HITPOINT WARNING * * *
Natasha stares at you and mumbles some strange words.
The magic dart hits you.
You die...

####### #.....#
#.###.#### #.###....#
#######
#.#......###.....#
..#..........###.#
.#.#.#.#.##### #.#
..........# #@#
.#.#.#.#(## #h#
..........### ##w##
.#.#.#.#.#..###..>##
....#.......##.....##
.#.##.......#.......#
...###############.##
.....#...........###
....##.⌠.⌠.⌠.⌠.⌠.##


You could see a worm and Natasha.

Vanquished Creatures
  Natasha (twice) (D:2)
  An adder (D:2)
  A worm (D:2)
  A dart slug (D:1)
  3 bats (D:1)
  3 endoplasms
  2 giant cockroaches (D:1)
  2 goblins (D:1)
  4 hobgoblins
  2 kobolds (D:2)
  2 quokkas (D:2)
  2 ball pythons (D:1)
  2 frilled lizards (D:1)
  3 rats (D:1)
30 creatures vanquished.

Notes
Turn   | Place    | Note
-------+----------+-------------------------------------------
     0 | Abyss:1  | ChaosChampion the Demonspawn Abyssal Knight began the quest
                  | for the Orb.
     0 | Abyss:1  | Reached XP level 1. HP: 18/18 MP: 2/2
     5 | D:1      | Escaped the Abyss
    39 | D:1      | Reached skill level 1 in Dodging
   165 | D:1      | Found a faded altar of an unknown god.
   174 | D:1      | Gained mutation: You have sharp fingernails. [demonic
                  | ancestry]
   174 | D:1      | Reached XP level 2. HP: 18/24 MP: 4/4
  1917 | D:2      | Reached XP level 3. HP: 26/29 MP: 5/5
  2392 | D:2      | Noticed Natasha
  2677 | D:2      | Killed Natasha
  2973 | D:2      | Noticed Natasha
  2982 | D:2      | Reached XP level 4. HP: 35/35 MP: 6/6
  2995 | D:2      | Killed Natasha
  3005 | D:2      | Noticed Natasha
  3312 | D:1      | Killed from afar by Natasha

Illustrated notes

Levels and vault maps discovered:
D:1:      mainiacjoe_arrival_reflecting_pool, layout_loops_cross,
          hellmonk_ecumenical_altar_slurped_away, st_stairs_13,
          amethyst_killhole
D:2:      layout_loops_cross, uniq_jessica, uniq_natasha

Skill      XL: |  1  2 |
---------------+-------+-----
Dodging        | 1 |  1.1
Armour         | 2 |  2.6
Axes           | 2 |  2.5
Invocations    | 3 |  3.6
Fighting       | |  3.6

Action                   |  1- 3 |  4- 6 || total
-------------------------+-------+-------++-------
Melee: Hand axe          |    99 |    25 ||   124
 Stab: Sleeping          |     1 |       ||     1
Armor: Leather armour    |    13 |       ||    13
       Ring mail         |    19 |     3 ||    22
Dodge: Dodged            |    47 |    14 ||    61
Block: Buckler           |     2 |     2 ||     4

Table legend: (Time is in decaauts)
 A = Elapsed time spent in this place.
 B = Non-inter-level travel time spent in this place.
 C = Inter-level travel time spent in this place.
 D = Time resting spent in this place.
 E = Time spent auto-exploring this place.
 F = Levels seen in this place.
 G = Mean time per level.
                   A        B        C        D        E       F      G
               +--------+--------+--------+--------+--------+-----+--------+
         Total |   3369 |   3314 |     55 |   1752 |   1109 |   3 | 1123.0 |
       Dungeon |   3364 |   3309 |     55 |   1752 |   1109 |   2 | 1682.0 |
         Abyss |      5 |      5 |      0 |      0 |      0 |   1 |    5.0 |
               +--------+--------+--------+--------+--------+-----+--------+

Top non-repeatable levels by time:
     D:1: 2501 daAuts
     D:2: 862 daAuts
 Abyss:1: 5 daAuts
